 Dungeon Crawl Stone Soup version 0.26-a0-651-gb41185065b (webtiles) character file.

Game seed: 15067602469784178490

(classic levelgen) 345 EnegeticOcto the Chopper (level 6, -3/57 HPs)
             Began as a Deep Dwarf Fighter on Sept 30, 2020.
             Was an Initiate of Makhleb.
             Slain by a quicksilver dragon skeleton (4 damage)
             ... led by a necromancer
             ... on level 1 of the Abyss.
             The game lasted 00:01:14 (812 turns).

EnegeticOcto the Chopper (Deep Dwarf Fighter)        Turns: 812, Time: 00:01:15

Health: -3/57      AC:  9    Str: 22    XL:     6   Next: 32%
Magic:  3/3        EV:  5    Int:  8    God:    Makhleb [......]
Gold:   85         SH: 10    Dex: 12    Spells: 5/5 levels left

rFire    . . .     SeeInvis .   a - +0 war axe
rCold    . . .     Faith    .   c - +0 kite shield
rNeg     . . .     Spirit   .   p - +0 chain mail
rPois    .         Reflect  .   (no helmet)
rElec    .         Harm     .   h - scarf {repulsion}
rCorr    .         Rampage  .   (no gloves)
MR       .....                  (no boots)
Stlth    ..........             (no amulet)
HPRegen  0.00/turn              (no ring)
MPRegen  0.08/turn              (no ring)

@: non-regenerating, repel missiles
A: damage resistance, heal wounds, sense surroundings 1, no regeneration
a: Heal Wounds, Renounce Religion


You were on level 1 of the Abyss.
You worshipped Makhleb.
Makhleb was noncommittal.
You visited 2 branches of the dungeon, and saw 5 of its levels.
You visited the Abyss 1 time.

You collected 85 gold pieces.

Inventory:

Hand Weapons
 a - a +0 war axe (weapon)
Armour
 b - a +0 scale mail
 c - a +0 kite shield (worn)
 h - a scarf of repulsion (worn)
 p - a +0 chain mail (worn)
Wands
 l - a wand of iceblast (11) {@v2}
Scrolls
 f - 2 scrolls of teleportation {unknown}
 i - 4 scrolls of identify {@r1}
 m - a scroll of enchant weapon {unknown}
 n - a scroll of fear {unknown}
 o - a scroll of remove curse {@r2}
Potions
 d - a potion of might {@q3}
 e - a potion of magic {unknown}
 g - a potion of cancellation {unknown}
 j - 2 potions of lignification {unknown}
 k - a potion of heal wounds {unknown}
 q - a potion of stabbing {unknown}


   Skills:
 + Level 3.7 Fighting
 * Level 4.9 Axes
 + Level 4.5 Armour
 + Level 4.5 Shields
 + Level 0.7 Invocations


You had 5 spell levels left.
You didn't know any spells.
Your spell library was empty.

Dungeon Overview and Level Annotations

Branches:
Dungeon (4/15)             Temple (1/1) D:4

Altars:
Cheibriados
Fedhas
Gozag
Kikubaaqudgha
Makhleb
Nemelex Xobeh
Okawaru
Qazlal
Sif Muna
Trog
Wu Jian
Xom


Innate Abilities, Weirdness & Mutations

You are resistant to damage.
You can heal yourself by infusing magical energy.
You passively map a small area around you.
You do not regenerate.


Message History

You are too injured to fight recklessly!
You are too injured to fight recklessly!
You are too injured to fight recklessly!
You are too injured to fight recklessly!
You are too injured to fight recklessly!
You are too injured to fight recklessly!
You are too injured to fight recklessly!
You are too injured to fight recklessly!
You are too injured to fight recklessly!
You fail to use your ability.
The quicksilver dragon skeleton bites you.
* * * LOW HITPOINT WARNING * * *
The quicksilver dragon skeleton claws you.
* * * LOW HITPOINT WARNING * * *
The quicksilver dragon skeleton barely misses you.
You block the quicksilver dragon skeleton's attack.
You feel much better.
The quicksilver dragon skeleton bites you!
The quicksilver dragon skeleton claws you but does no damage.
Your chain mail prevents you from hitting the quicksilver dragon skeleton.
The quicksilver dragon skeleton bites you.
The quicksilver dragon skeleton claws you!
The quicksilver dragon skeleton bites you.
The quicksilver dragon skeleton claws you!
* * * LOW HITPOINT WARNING * * *
You are too injured to fight recklessly!
You are too injured to fight recklessly!
You are too injured to fight recklessly!
You are too injured to fight recklessly!
You are too injured to fight recklessly!
You are too injured to fight recklessly!
You are too injured to fight recklessly!
You are too injured to fight recklessly!
You are too injured to fight recklessly!
You are too injured to fight recklessly!
You are too injured to fight recklessly!
You are too injured to fight recklessly!
You are too injured to fight recklessly!
You feel much better.
The quicksilver dragon skeleton bites you!
You block the quicksilver dragon skeleton's attack.
You are too injured to fight recklessly!
You are too injured to fight recklessly!
You are too injured to fight recklessly!
You are too injured to fight recklessly!
You are too injured to fight recklessly!
You are too injured to fight recklessly!
You are too injured to fight recklessly!
You are too injured to fight recklessly!
You are too injured to fight recklessly!
You are too injured to fight recklessly!
You are too injured to fight recklessly!
You are too injured to fight recklessly!
The quicksilver dragon skeleton bites you but does no damage.
The quicksilver dragon skeleton claws you but does no damage.
Your magical essence is drained by the effort!
You feel much better.
The quicksilver dragon skeleton bites you!
You block the quicksilver dragon skeleton's attack.
You block the quicksilver dragon skeleton's attack.
The quicksilver dragon skeleton claws you.
Found a viscous blue potion.
The quicksilver dragon skeleton bites you but does no damage.
You block the quicksilver dragon skeleton's attack.
Unknown command.
You barely miss the quicksilver dragon skeleton.
You slash the quicksilver dragon zombie!
You block the quicksilver dragon skeleton's attack.
The quicksilver dragon skeleton claws you but does no damage.
You block the quicksilver dragon zombie's attack.
The quicksilver dragon zombie claws you.
The quicksilver dragon skeleton bites you but does no damage.
The quicksilver dragon skeleton claws you.
Your shield and chain mail prevent you from hitting the quicksilver dragon skeleton.
You slash the wolf spider zombie!
You hit the quicksilver dragon zombie but do no damage.
The quicksilver dragon zombie bites you but does no damage.
The quicksilver dragon zombie claws you!
The wolf spider zombie hits you. The wolf spider zombie bites you!
You block the quicksilver dragon skeleton's attack.
The quicksilver dragon skeleton claws you.
* * * LOW HITPOINT WARNING * * *
You block the quicksilver dragon zombie's attack.
The quicksilver dragon zombie claws you but does no damage.
You hit the quicksilver dragon skeleton.
The quicksilver dragon skeleton is lightly damaged.
Your chain mail prevents you from hitting the wolf spider zombie.
You hit the quicksilver dragon zombie. The wolf spider zombie hits you!
* * * LOW HITPOINT WARNING * * *
The wolf spider zombie bites you but does no damage.
You block the quicksilver dragon skeleton's attack.
The quicksilver dragon skeleton closely misses you.
The quicksilver dragon zombie bites you!
* * * LOW HITPOINT WARNING * * *
You block the quicksilver dragon zombie's attack.
The wolf spider zombie hits you but does no damage.
The wolf spider zombie bites you but does no damage.
The quicksilver dragon skeleton bites you.
The quicksilver dragon skeleton claws you.
You die...

....#.. .# ..
..
#.....###..#
...
#.####.#.#...#
.. #..#...#.##
.# #...#..##
##.. #..#.#
### #.#Z.####
..#ZZZ.§.#
.##.#@#.# #
#..##.# #..#.
!# #. .# #.
#.... # .. §#.
. ... #. .


You could see a quicksilver dragon zombie, a wolf spider zombie, a titan zombie
and a quicksilver dragon skeleton.

Vanquished Creatures
  An ogre (D:4)
  A bullfrog (D:4)
  2 crimson imps (D:4)
  An orc wizard (D:4)
  An iguana (D:4)
  A worker ant (D:4)
  2 adders (D:3)
  A worm (D:2)
  A leopard gecko (D:4)
  2 orcs (D:4)
  A bat (D:1)
  2 giant cockroaches
  7 goblins
  2 hobgoblins (D:2)
  2 quokkas
  2 frilled lizards (D:2)
  4 kobolds
  A quokka skeleton (D:4)
  5 rats
39 creatures vanquished.

Vanquished Creatures (others)
  A lurking horror (Abyss:1)
1 creature vanquished.

Grand Total: 40 creatures vanquished

Notes
Turn   | Place    | Note
-------+----------+-------------------------------------------
     0 | D:1      | EnegeticOcto the Deep Dwarf Fighter began the quest for the
                  | Orb.
     0 | D:1      | Reached XP level 1. HP: 20/20 MP: 1/1
   166 | D:2      | Reached XP level 2. HP: 17/27 MP: 2/2
   425 | D:3      | Reached XP level 3. HP: 30/34 MP: 2/2
   437 | D:3      | Found a sparkling altar of Nemelex Xobeh.
   485 | D:4      | Reached XP level 4. HP: 28/42 MP: 3/3
   490 | D:4      | Noticed a bullfrog
   501 | D:4      | Killed a bullfrog
   501 | D:4      | Reached XP level 5. HP: 20/49 MP: 4/4
   542 | D:4      | Noticed an ogre
   551 | D:4      | Killed an ogre
   551 | D:4      | Reached XP level 6. HP: 37/56 MP: 4/4
   556 | D:4      | Found a staircase to the Ecumenical Temple.
   572 | Temple   | Entered the Ecumenical Temple
   628 | Temple   | Became a worshipper of Makhleb the Destroyer
   718 | D:4      | Found a shimmering altar of Xom.
   745 | D:4      | Cast into level 1 of the Abyss (crimson imp)
   782 | Abyss:1  | Noticed a titan zombie
   782 | Abyss:1  | Noticed a wolf spider zombie
   782 | Abyss:1  | Noticed a quicksilver dragon zombie
   782 | Abyss:1  | Noticed a quicksilver dragon skeleton
   812 | Abyss:1  | HP: 1/57 [quicksilver dragon zombie[a necromancer] (5)]
   812 | Abyss:1  | Slain by a quicksilver dragon skeleton

Illustrated notes

Levels and vault maps discovered:
D:1:      elethiomel_arrival_infinity_welcomes_careful_drivers, layout_basic
D:2:      minmay_razor_zed, layout_loops_ring, old_standard_altar
D:3:      layout_loops_ring, nemelex_xobeh_ov_fountains_minmay, uniq_robin,
          uniq_natasha
D:4:      layout_cave_pools, minmay_temple_entry_slanted,
          corexii_hall_statues_l, led_xom_imps
Temple:   minmay_crystal_spiral_temple
Abyss:1:  base:
D:1

Skill      XL: |  1  2  3  4 |
---------------+-------------+-----
Axes           | 3 4 |  4.9
Fighting       | 3 |  3.7
Armour         | 4 |  4.5
Shields        | 4 |  4.5
Invocations    | |  0.7

Action                   |  1- 3 |  4- 6 || total
-------------------------+-------+-------++-------
Melee: War axe           |   111 |    59 ||   170
 Abil: Heal Wounds       |     3 |     9 ||    12
  Use: Scroll            |       |     1 ||     1
Armor: Scale mail        |    44 |    18 ||    62
       Chain mail        |       |    34 ||    34
Dodge: Dodged            |    35 |    19 ||    54
Block: Kite shield       |    54 |    54 ||   108

Table legend: (Time is in decaauts)
 A = Elapsed time spent in this place.
 B = Non-inter-level travel time spent in this place.
 C = Inter-level travel time spent in this place.
 D = Time resting spent in this place.
 E = Time spent auto-exploring this place.
 F = Levels seen in this place.
 G = Mean time per level.
                   A        B        C        D        E       F      G
               +--------+--------+--------+--------+--------+-----+--------+
         Total |    880 |    814 |     66 |      0 |    357 |   6 |  146.7 |
       Dungeon |    700 |    687 |     13 |      0 |    272 |   4 |  175.0 |
        Temple |    110 |     57 |     53 |      0 |     53 |   1 |  110.0 |
         Abyss |     69 |     69 |      0 |      0 |     32 |   1 |   69.0 |
               +--------+--------+--------+--------+--------+-----+--------+

Top non-repeatable levels by time:
     D:2: 290 daAuts
     D:4: 189 daAuts
     D:3: 154 daAuts
  Temple: 110 daAuts
 Abyss:1: 69 daAuts
     D:1: 65 daAuts
